 Dungeon Crawl Stone Soup version 0.31-a0-183-g4352c244c2 (webtiles) character file.

Game seed: 8535604263826516868

195969 Gargoyl the Warrior (level 18, -10/127 HPs)
             Began as a Gargoyle Berserker on June 21, 2023.
             Was a High Priest of Trog.
             Shot with a bolt by a yaktaur captain (24 damage)
             ... while paralysed by a great orb of eyes
             ... on level 2 of the Vaults on June 22, 2023.
             The game lasted 00:45:33 (24827 turns).

Gargoyl the Warrior (Gargoyle Berserker)           Turns: 24827, Time: 00:45:34

Health: -10/127    AC: 48    Str: 28 (29) XL:     18   Next: 35%
Magic:  0/18       EV:  2    Int:  8      God:    Trog [*****.]
Gold:   1638       SH:  0    Dex: 17      Spells: 17/17 levels left

rFire   + + .        x - +6 hand axe of Damp Purpose {drain, Dex+2}
rCold   . . .        R - +0 buckler {AC+3}
rNeg    + . .        D - +3 plate armour {rF+}
rPois   ∞            l - +2 helmet {SInv}
rElec   +            F - +0 cloak of the Pits of Slime {Slay+2}
rCorr   .            k - +2 pair of gloves
SInv    +            B - +0 pair of boots {rampage}
Will    +....        e - amulet of guardian spirit Stlth
                     j - +6 ring of strength
HPRegen 0.41/turn    A - ring of protection from fire
MPRegen 0.16/turn

%: clarity, guardian spirit, rampage
@: paralysed, marked, frozen, flying, studying 2 skills, very slow
A: sickness immunity, AC +13, big wings, negative energy resistance 1,
electricity resistance, torment resistance 1, petrification resistance, talons
1, clarity, deterioration 1, no potion heal 1, MP-powered wands
}: 1/15 runes: decaying
a: Renounce Religion, Berserk, Trog's Hand, Brothers in Arms


You were on level 2 of the Vaults.
You worshipped Trog.
Trog was extremely pleased with you.
You visited 4 branches of the dungeon, and saw 26 of its levels.
You also visited: Bailey, Gauntlet and Wizlab.

You collected 1878 gold pieces.
You spent 240 gold pieces at shops.

Inventory:

Hand Weapons
 v - a +5 war axe of electrocution
 x - the +6 hand axe of Damp Purpose (weapon) {drain, Dex+2}
   (You bought it in a shop on level 6 of the Dungeon)

   Dex:       It affects your dexterity (+2).
 K - the +10 trident of Nimeink {heavy, rElec rCorr Str+2}
   (You took it off a spriggan rider on level 12 of the Dungeon)

   Str:       It affects your strength (+2).
   rElec:     It insulates you from electricity.
   rCorr:     It protects you from acid and corrosion.
 S - a +1 scimitar of holy wrath
Missiles
 i - 48 poisoned darts (quivered)
 t - 6 throwing nets
Armour
 h - a +2 chain mail of cold resistance
 k - a +2 pair of gloves (worn)
 l - a +2 helmet of see invisible (worn)
 B - a +0 pair of boots of rampaging (worn)
 D - a +3 plate armour of fire resistance (worn)
 F - the +0 cloak of the Pits of Slime (worn) {Slay+2}
   (You found it on level 3 of the Lair of Beasts)

   Slay:      It affects your accuracy & damage with ranged weapons and melee
   (+2).
 R - a +0 buckler of protection (worn)
Jewellery
 e - an amulet of guardian spirit (around neck)
 j - a +6 ring of strength (left hand)
 o - a ring of willpower
 q - a +4 ring of protection
 A - a ring of protection from fire (right hand)
 M - a ring of protection from fire
 U - a ring of positive energy
 X - an amulet of the acrobat
Wands
 p - a wand of paralysis (29)
 y - a wand of iceblast (28)
 C - a wand of mindburst (10)
 E - a wand of flame (38)
 O - a wand of digging (10)
 P - a wand of quicksilver (11)
 V - a wand of polymorph (7)
Scrolls
 a - 4 scrolls of fog
 n - 15 scrolls of identify
 z - 5 scrolls of teleportation
 H - 3 scrolls of blinking
 N - a scroll of poison
 Q - 2 scrolls of enchant armour
Potions
 b - 10 potions of curing
 c - 4 potions of berserk rage
 f - 8 potions of might
 g - 3 potions of magic
 m - 13 potions of heal wounds
 r - 3 potions of invisibility
 s - 9 potions of lignification
 u - 3 potions of enlightenment
 w - 6 potions of haste
 G - 2 potions of resistance
 I - a potion of mutation
 J - a potion of ambrosia
 L - a potion of experience


   Skills:
 + Level 18.8 Fighting
 + Level 18.1(18.3) Axes
 + Level 4.6(14.6) Maces & Flails
 + Level 8.6(9.2) Staves
 + Level 17.1 Armour
 + Level 10.3 Dodging
 + Level 7.1 Stealth
 + Level 6.7 Shields


You had 17 spell levels left.
You didn't know any spells.
Your spell library was empty.

Dungeon Overview and Level Annotations

Branches:
Dungeon (15/15)            Temple (0/1) D:4            Lair (5/5) D:10
  Swamp (4/4) Lair:2       Spider (0/4) Lair:2        Slime (0/5) Lair:4
    Orc (0/2) D:9          Vaults (2/5) D:14         Depths (0/4) D:15
 Bailey (visited)          WizLab (visited)         Gauntlet (visited)
  Crypt: Vaults:2-3

Altars:
Dithmenos
Elyvilon
Nemelex Xobeh
Okawaru
Sif Muna
Vehumet
Wu Jian
Zin
Jiyva

Shops:
D:6 *   D:7 !

Annotations:
D:15 3 runed translucent doors, exclusion: orange crystal statue


Innate Abilities, Weirdness & Mutations

You are immune to sickness and miasma.
Your stone body is resilient. (AC +13)
You are immune to poison.
Your large and strong wings let you fly.
You resist negative energy. (rN+)
You are resistant to electric shocks. (rElec)
You are resistant to unholy torment.
You are immune to petrification.
You have sharp toenails.
You possess an exceptional clarity of mind.
Your body sometimes deteriorates upon taking damage.
Potions are less effective at restoring your health.
You expend magic power (3 MP) to strengthen your wands.


Message History

The great orb of eyes gazes at you.
You suddenly lose the ability to move!
The centaur warrior hits you.
The centaur warrior kicks you but does no damage.
The centaur warrior barely misses you.
The centaur warrior kicks you but does no damage.
The vault sentinel casts a spell at you.
You barely resist. The great orb of eyes gazes at you.
You resist with some effort.
The vault warden hits you but does no damage.
The ironbound convoker hits you but does no damage.
The ironbound frostheart calls freezing cold from the walls.
The frost grips you!!
You are encased in ice.
The yaktaur captain shoots a bolt.
The bolt hits you!!
The centaur warrior completely misses you.
The centaur warrior kicks you but does no damage.
The great orb of eyes bites you but does no damage.
The vault sentinel points at you and mumbles some strange words.
The mark upon you grows brighter.
The vault warden hits you but does no damage.
The ironbound convoker hits you with a +0 great mace.
The ironbound frostheart calls freezing cold from the walls.
The frost grips you!!
The yaktaur captain shoots a bolt.
The bolt hits you!
The centaur warrior hits you but does no damage.
The centaur warrior kicks you but does no damage.
The ironbound frostheart touches you but does no damage.
The centaur warrior hits you but does no damage.
The centaur warrior kicks you but does no damage.
The vault sentinel hits you but does no damage.
The great orb of eyes bites you but does no damage.
The vault warden hits you with a +1 dire flail of protection!!
* * * LOW HITPOINT WARNING * * *
Your body deteriorates!
You feel weakened.
The ironbound convoker hits you with a +0 great mace!
* * * LOW HITPOINT WARNING * * *
A red ugly thing comes into view.
The yaktaur captain shoots a bolt.
The bolt hits you!!
You die...

# .##
..##
#..##
##...##
##cpG.u#
##.p@p#
##..p.##
##...c##
#....##
#...##
#####'###
#.....#
#.....#
#.....#


You could see a vault warden, a yaktaur captain, a great orb of eyes (strong,
drained), a red ugly thing, an ironbound frostheart, a centaur warrior
(drained), a vault sentinel (drained) and an ironbound convoker (catching
breath, drained).

Vanquished Creatures
  A tentacled monstrosity (Swamp:2)
  A tengu reaver (Vaults:1)
  Gastronok (D:8)
  A thorn hunter (Swamp:1)
  Donald (Swamp:1)
  A fire giant (Vaults:1)
  2 vault wardens
  Louise (D:14)
  2 cacodemons (WizLab)
  2 ironbound preservers (Vaults:1)
  An eleionoma (Swamp:3)
  2 ironbound thunderhulks
  A bunyip (Swamp:3)
  A deep elf annihilator (Vaults:1)
  A minotaur (Gauntlet)
  A dire elephant (Vaults:1)
  An ettin (shapeshifter) (D:15)
  A blizzard demon (WizLab)
  Snorg (D:12)
  The ghost of grizmgrazm2 the Grappler, a journeyman TrFi of Wu Jian (D:12)
  A shambling mangrove (Swamp:4)
  3 great orbs of eyes
  A fire dragon (D:14)
  5 yaktaur captains
  Erolcha (D:13)
  23 hydras
  A peacekeeper (Vaults:1)
  An ogre mage (D:15)
  3 centaur warriors
  A ghost crab (Swamp:3)
  A catoblepas (Lair:3)
  8 alligators
  2 ironbound frosthearts
  5 boulder beetles
  A tengu warrior (D:15)
  13 two-headed ogres
  5 death yaks (Lair:4)
  A spriggan berserker (Swamp:4)
  Urug (D:13)
  A sixfirhy (WizLab)
  A sun demon (WizLab)
  A skyshark (Lair:2)
  Amaemon (Lair:1)
  3 goliath frogs
  4 spriggan druids
  12 swamp dragons
  An obsidian statue (Gauntlet)
  A glowing orange brain (Vaults:2)
  4 ironbound convokers
  4 lindwurms
  3 wizards
  Pikel (D:5)
  4 bog bodies
  A necromancer (Vaults:1)
  30 ugly things
  2 orc knights
  3 manticores
  6 will-o-the-wisps
  5 cyclopes
  5 elephants (Lair:5)
  A moth of wrath (Swamp:1)
  A rust devil (WizLab)
  6 black mambas
  The ghost of philipeq the Trooper, a novice DsFi (D:6)
  4 orange demons
  Joseph (D:8)
  5 vault sentinels
  8 cane toads
  A gargoyle (D:10)
  3 molten gargoyles (Lair:5)
  A hellion (WizLab)
  3 rime drakes
  An unseen horror (D:11)
  3 kobold demonologists (D:10)
  A tormentor (WizLab)
  10 komodo dragons
  4 yaktaurs (Vaults:2)
  2 ice devils (WizLab)
  3 trolls
  2 red devils (WizLab)
  A hellwing (WizLab)
  11 hornets
  A polar bear (Lair:5)
  9 tyrant leeches
  6 dream sheep (Lair:5)
  Sigmund (D:5)
  12 slime creatures
  3 culicivoras (Lair:2)
  15 spriggans
  A centaur simulacrum (D:15)
  2 water elementals (D:14)
  A wraith (D:11)
  15 humans (D:14)
  10 wyverns
  6 basilisks
  Eustachio (D:4)
  52 yaks
  A redback (D:10)
  Grum (Lair:1)
  3 steam dragons
  10 vampire mosquitoes
  Menkaure (D:4)
  A neqoxec (WizLab)
  8 wargs (D:10)
  24 swamp worms
  2 acid dragons
  12 water moccasins
  Duvessa (D:7)
  4 hell hounds (Lair:5)
  5 swamp drakes
  12 orc warriors
  2 ice beasts
  5 black bears
  A boggart (D:12)
  8 wolves
  2 ogres (D:15)
  A lemure (D:5)
  6 centaurs
  7 kobold brigands (D:10)
  12 bullfrogs
  2 scorpions
  9 gnoll sergeants
  18 wights
  Dowan (D:7)
  5 killer bees (D:9)
  5 electric eels
  10 howler monkeys
  3 jellies
  5 lava snakes (Lair:5)
  Crazy Yiuf (D:3)
  8 gnoll boudas
  9 orc priests
  3 hounds
  6 iguanas
  6 orc wizards
  2 hell rats (Lair:3)
  30 gnolls
  11 river rats (Lair:3)
  6 adders
  A shadow imp (D:5)
  2 worms
  3 dart slugs
  41 orcs
  7 ball pythons
  8 endoplasms
  A giant cockroach (D:1)
  12 goblins
  4 hobgoblins
  4 jackals (D:1)
  A quokka (D:4)
  7 bats
  10 frilled lizards
  9 kobolds
  7 rats
788 creatures vanquished.

Vanquished Creatures (collateral kills)
  The ghost of Waylatzu the Spear-Bearer, a journeyman DsGl of Yredelemnul (Lair:3)
  A shambling mangrove (Swamp:4)
  A fire dragon (Lair:5)
  The ghost of Elmgren the Marksgargoyle, a journeyman GrHu of Hepliaklqana (Lair:3)
  A bog body (Swamp:4)
  An orc knight (D:14)
  A naga mage (D:15)
  A slime creature (D:15)
8 creatures vanquished.

Vanquished Creatures (others)
  A great orb of eyes (Vaults:1)
  An alligator (Swamp:3)
  A bloated husk (Swamp:3)
  A wyvern (D:10)
  A human (D:14)
  41 foxfires
46 creatures vanquished.

Grand Total: 842 creatures vanquished

Notes
Turn   | Place    | Note
-------+----------+-------------------------------------------
     0 | D:1      | Gargoyl the Gargoyle Berserker began the quest for the Orb.
     0 | D:1      | Reached XP level 1. HP: 14/14 MP: 1/1
   161 | D:1      | Reached XP level 2. HP: 17/19 MP: 2/2
   452 | D:1      | Reached XP level 3. HP: 24/24 MP: 3/3
   818 | D:2      | Reached ** piety under Trog
   885 | D:2      | Reached XP level 4. HP: 29/29 MP: 4/4
  1072 | D:2      | Found a faded altar of an unknown god.
  1072 | D:2      | Noticed a hell beast
  1331 | D:2      | Identified the +4 pair of gloves "Taxtanit" {rC++ Int+4}
  1721 | D:3      | Reached XP level 5. HP: 30/33 MP: 5/5
  2068 | D:3      | Found an ornate altar of the Wu Jian Council.
  2373 | D:3      | Found a runed translucent door.
  2374 | D:3      | Noticed Crazy Yiuf
  2381 | D:3      | Killed Crazy Yiuf
  2495 | D:4      | Identified a scroll of acquirement
  2495 | D:4      | Acquired a manual of Dodging
  2500 | D:4      | Reached XP level 6. HP: 34/39 MP: 6/6
  2575 | D:4      | Found a staircase to the Ecumenical Temple.
  2593 | D:4      | Noticed Eustachio
  2614 | D:4      | Killed Eustachio
  2651 | D:4      | Identified the +11 quarterstaff "Killer Bee's Peril"
                  | {freeze, *Rage Will+ Int+3}
  2700 | D:4      | Reached skill level 5 in Axes
  2700 | D:4      | Reached XP level 7. HP: 44/44 MP: 7/7
  2707 | D:4      | Acquired a manual of Axes
  2762 | D:4      | Noticed Menkaure
  2771 | D:4      | Killed Menkaure
  3115 | D:5      | Entered Level 5 of the Dungeon
  3122 | D:5      | Reached skill level 5 in Fighting
  3122 | D:5      | Reached skill level 1 in Stealth
  3132 | D:5      | Gained mutation: You are vulnerable to heat. (rF-) [potion
                  | of mutation]
  3132 | D:5      | Gained mutation: You have very sharp teeth. [potion of
                  | mutation]
  3133 | D:5      | Lost mutation: You have very sharp teeth. [potion of
                  | mutation]
  3133 | D:5      | Lost mutation: You are vulnerable to heat. (rF-) [potion of
                  | mutation]
  3133 | D:5      | Gained mutation: Armour fits poorly on your strangely
                  | shaped body. [potion of mutation]
  3133 | D:5      | Gained mutation: You are partially covered in iridescent
                  | scales. (AC +2) [potion of mutation]
  3133 | D:5      | Gained mutation: You have a pair of small horns on your
                  | head. [potion of mutation]
  3315 | D:5      | Reached skill level 1 in Staves
  3315 | D:5      | Reached XP level 8. HP: 50/50 MP: 5/8
  3359 | D:5      | Reached skill level 5 in Armour
  3607 | D:5      | Noticed Pikel
  3616 | D:5      | Killed Pikel
  3723 | D:5      | Noticed Sigmund
  3729 | D:5      | Killed Sigmund
  3730 | D:5      | Reached XP level 9. HP: 55/55 MP: 6/9
  3730 | D:5      | Reached *** piety under Trog
  3889 | D:5      | Reached skill level 5 in Staves
  4303 | D:6      | Found a runed translucent door.
  4303 | D:6      | Noticed philipeq's ghost (novice DsFi)
  4497 | D:6      | Found Qaytsuli's Assorted Antiques.
  4500 | D:6      | Bought a transparent hand axe for 160 gold pieces
  4500 | D:6      | Identified the +6 hand axe of Damp Purpose {drain, Dex+2}
                  | (You bought it in a shop on level 6 of the Dungeon)
  4595 | D:6      | Killed philipeq's ghost
  4740 | D:7      | You fall into a shaft and drop 1 floor!
  4751 | D:7      | Found Bihili's Distillery.
  4754 | D:7      | Bought a potion of mutation for 80 gold pieces
  4762 | D:8      | Noticed a two-headed ogre
  4804 | D:7      | Noticed Duvessa
  4815 | D:7      | Killed Duvessa
  4815 | D:7      | Noticed Dowan
  4828 | D:7      | Killed Dowan
  4921 | D:7      | Found a shadowy altar of Dithmenos.
  4922 | D:7      | Found an iron altar of Okawaru.
  5266 | D:7      | Killed a two-headed ogre
  5267 | D:7      | Reached XP level 10. HP: 63/63 MP: 6/10
  5480 | D:8      | Noticed Gastronok
  5495 | D:8      | Killed Gastronok
  5549 | D:8      | Found a sparkling altar of Nemelex Xobeh.
  5549 | D:8      | Found a white marble altar of Elyvilon.
  5660 | D:8      | Noticed a two-headed ogre
  5668 | D:8      | Killed a two-headed ogre
  5668 | D:8      | Noticed Joseph
  5669 | D:8      | Reached skill level 10 in Axes
  5700 | D:8      | Killed Joseph
  5984 | D:9      | Reached XP level 11. HP: 68/68 MP: 6/11
  5995 | D:9      | Reached **** piety under Trog
  6034 | D:9      | Found a staircase to the Orcish Mines.
  6514 | D:9      | Found a flagged portal.
  6523 | Bailey   | Entered a bailey
  6671 | Bailey   | Noticed an orc knight
  6683 | Bailey   | Killed an orc knight
  7006 | D:9      | Noticed a two-headed ogre
  7017 | D:9      | Killed a two-headed ogre
  7142 | D:10     | Entered Level 10 of the Dungeon
  7146 | D:10     | Reached skill level 10 in Fighting
  7146 | D:10     | Reached skill level 10 in Armour
  7146 | D:10     | Reached XP level 12. HP: 77/77 MP: 12/12
  7147 | D:10     | Reached XP level 13. HP: 84/84 MP: 13/13
  7148 | D:10     | Lost mutation: Armour fits poorly on your strangely shaped
                  | body. [potion of mutation]
  7148 | D:10     | Lost mutation: You have a pair of small horns on your head.
                  | [potion of mutation]
  7148 | D:10     | Lost mutation: You are partially covered in iridescent
                  | scales. (AC +2) [potion of mutation]
  7148 | D:10     | Gained mutation: You occasionally lose the ability to drink
                  | potions when taking damage. [potion of mutation]
  7148 | D:10     | Gained mutation: Your muscles are strong. (Str +4, Int/Dex
                  | -1) [potion of mutation]
  7148 | D:10     | Gained mutation: You expend magic power (3 MP) to
                  | strengthen your wands. [potion of mutation]
  7149 | D:10     | Lost mutation: You expend magic power (3 MP) to strengthen
                  | your wands. [potion of mutation]
  7149 | D:10     | Lost mutation: Your muscles are strong. (Str +4, Int/Dex
                  | -1) [potion of mutation]
  7149 | D:10     | Gained mutation: You have very sharp teeth. [potion of
                  | mutation]
  7149 | D:10     | Gained mutation: You sometimes lose your temper in combat.
                  | [potion of mutation]
  7149 | D:10     | Gained mutation: You expend magic power (3 MP) to
                  | strengthen your wands. [potion of mutation]
  7196 | D:10     | Found a staircase to the Lair.
  7428 | D:10     | Gained mutation: Your large and strong wings let you fly.
                  | [Gargoyle growth]
  7428 | D:10     | Reached XP level 14. HP: 90/90 MP: 14/14
  7457 | D:10     | Reached ***** piety under Trog
  8581 | Lair:1   | Entered Level 1 of the Lair of Beasts
  8748 | Lair:1   | Noticed Grum
  8762 | Lair:1   | Killed Grum
  8903 | Lair:1   | Found a gate leading to a gauntlet.
  8912 | Gauntlet | Entered a Gauntlet
  8912 | Gauntlet | Found a transporter.
  8941 | Gauntlet | Found a transporter.
  8954 | Gauntlet | Found a transporter.
  8999 | Gauntlet | Found a transporter.
  9027 | Gauntlet | Identified the +0 scale mail of the Iron Devil {Will+}
  9089 | Gauntlet | Identified the +3 plate armour of Classification {rPois
                  | rF++ rC- Will+}
  9089 | Gauntlet | Identified the staff of Glory {Dex+3 Conj}
  9219 | Lair:1   | Noticed Amaemon
  9235 | Lair:1   | Killed Amaemon
  9426 | Lair:1   | Reached skill level 15 in Axes
  9867 | Lair:2   | Found a staircase to the Swamp.
  9886 | Lair:2   | Reached skill level 1 in Maces & Flails
 10154 | Lair:2   | Found a hole to the Spider Nest.
 10901 | Lair:3   | Found a runed translucent gate.
 11069 | Lair:3   | Received a gift from Trog
 11161 | Lair:3   | Found a transporter.
 11211 | Lair:3   | Found a transporter.
 11250 | Lair:3   | Found a runed translucent gate.
 11250 | Lair:3   | Found a runed translucent gate.
 11592 | Lair:3   | Noticed Waylatzu's ghost (journeyman DsGl)
 11592 | Lair:3   | Noticed Elmgren's ghost (journeyman GrHu)
 11605 | Lair:3   | Killed Waylatzu's ghost
 11608 | Lair:3   | Killed Elmgren's ghost
 12013 | Lair:3   | Reached XP level 15. HP: 57/99 MP: 8/15
 12023 | Lair:3   | Identified the +0 cloak of the Pits of Slime {Slay+2}
 12180 | Lair:4   | Found a staircase to the Slime Pits.
 12180 | Lair:4   | Found a viscous altar of Jiyva.
 12224 | Lair:4   | Identified the +5 great mace of Fofi {freeze, rN+ rCorr
                  | Dex+2}
 13180 | Lair:5   | Entered Level 5 of the Lair of Beasts
 13225 | Lair:5   | Found a radiant altar of Vehumet.
 14205 | Lair:5   | Found a large runed translucent door.
 14205 | Lair:5   | Found a large runed translucent door.
 14315 | Lair:5   | Lost mutation: You sometimes lose your temper in combat.
                  | [potion of mutation]
 14315 | Lair:5   | Lost mutation: You have very sharp teeth. [potion of
                  | mutation]
 14315 | Lair:5   | Lost mutation: You occasionally lose the ability to drink
                  | potions when taking damage. [potion of mutation]
 14315 | Lair:5   | Gained mutation: You possess an exceptional clarity of
                  | mind. [potion of mutation]
 14315 | Lair:5   | Gained mutation: You have sharp toenails. [potion of
                  | mutation]
 15224 | D:11     | Found a shimmering blue altar of Sif Muna.
 15892 | D:12     | Found a runed translucent door.
 15892 | D:12     | Identified the +10 trident of Nimeink {heavy, rElec rCorr
                  | Str+2}
 15895 | D:12     | Noticed grizmgrazm2's ghost (journeyman TrFi)
 15915 | D:12     | Noticed Snorg
 15930 | D:12     | Killed Snorg
 16033 | D:12     | Killed grizmgrazm2's ghost
 16345 | D:13     | Noticed Erolcha
 16350 | D:13     | Killed Erolcha
 16496 | D:13     | Noticed Urug
 16496 | D:13     | Paralysed by Urug for 5 turns
 16507 | D:13     | Killed Urug
 16548 | D:13     | Reached skill level 15 in Fighting
 17062 | D:14     | Reached XP level 16. HP: 94/108 MP: 13/16
 17322 | D:14     | Noticed Louise
 17361 | D:14     | Killed Louise
 17362 | D:14     | Reached skill level 15 in Armour
 17395 | D:14     | Found a gate to the Vaults.
 17769 | D:15     | Entered Level 15 of the Dungeon
 18207 | D:15     | Found a glowing silver altar of Zin.
 18376 | D:15     | Found a runed translucent door.
 18388 | D:15     | Found a runed translucent door.
 18403 | D:15     | Found a runed translucent door.
 18415 | D:15     | Found a runed translucent door.
 18498 | D:15     | Found a staircase to the Depths.
 19137 | Swamp:1  | Entered Level 1 of the Swamp
 19261 | Swamp:1  | Upgraded the game from 0.31-a0-182-gc5ef74bbde to
                  | 0.31-a0-183-g4352c244c2
 19350 | Swamp:1  | Noticed Donald
 19550 | Swamp:1  | Killed Donald
 19696 | Swamp:1  | Identified the staff of the Poles {rF+ Earth}
 19772 | Swamp:1  | Noticed a thorn hunter
 19790 | Swamp:1  | Killed a thorn hunter
 20012 | Swamp:2  | Reached skill level 1 in Shields
 20064 | Swamp:2  | You are sucked into a shaft and drop 1 floor!
 20355 | Swamp:2  | Reached XP level 17. HP: 94/116 MP: 11/17
 20625 | Swamp:2  | Noticed a tentacled monstrosity
 20640 | Swamp:2  | Killed a tentacled monstrosity
 20980 | Swamp:3  | Reached skill level 10 in Dodging
 21426 | Swamp:4  | Entered Level 4 of the Swamp
 22274 | Swamp:4  | Got a decaying rune of Zot
 22312 | Swamp:4  | Reached skill level 5 in Shields
 22894 | Vaults:1 | Entered Level 1 of the Vaults
 23234 | Vaults:1 | Found a magical portal.
 23243 | WizLab   | Entered The Hall of the Hellbinder
 23304 | WizLab   | Gained mutation: Potions are less effective at restoring
                  | your health. [a cacodemon]
 23353 | WizLab   | Gained mutation: Your body sometimes deteriorates upon
                  | taking damage. [a neqoxec]
 23848 | Vaults:1 | Reached XP level 18. HP: 119/125 MP: 18/18
 24625 | Vaults:1 | Acquired a manual of Armour
 24699 | Vaults:2 | Identified the +0 leather armour of Quczun {Slay+3}
 24824 | Vaults:2 | Paralysed by a great orb of eyes for 5 turns
 24827 | Vaults:2 | Shot with a bolt by a yaktaur captain

Illustrated notes

Levels and vault maps discovered:
D:1:      minmay_arrival_four_houses, layout_rooms, roderic_st_hans_cross
D:2:      layout_loops_ring, dreamdust_ecumenical_altar_sealed_demon
D:3:      layout_loops_cross, lemuel_coloured_pillars_altar,
          nicolae_concentric_dashed_squares_wild, uniq_crazy_yiuf_cottage
D:4:      layout_gridville, minmay_temple_entry_antechambers, uniq_menkaure,
          uniq_eustachio
D:5:      layout_loops_corners, uniq_sigmund, uniq_pikel
D:6:      layout_cave_pools, gammafunk_ghost_grave, serial_shops,
          kennysheep_mini_moat
D:7:      layout_rooms, gammafunk_temple_overflow_statue, serial_shops,
          nicolae_take_the_stairs, uniq_duvessa
D:8:      layout_cave_pools, mainiacjoe_overflow_large_starburst,
          uniq_gastronok, uniq_joseph
D:9:      layout_gridville, david_orc_4, lightli_bailey_entry_fortress,
          library_closet, chequers_serial_rivers_large_a
D:10:     lemuel_castle_with_subvaults [lemuel_castle_interior_original],
          layout_stronghold, due_lair_maze_entry_diamond, serial_column_ruins,
          column_ruins_open_tiny, column_ruins_open_medium,
          column_ruins_open_medium, column_ruins_columns_dead_end,
          chequers_serial_rivers_micro_d
D:11:     layout_cave_pools, nicolae_sif_muna_little_library
D:12:     layout_long_grid, ebering_ghost_funeral_grove, uniq_snorg
D:13:     layout_gridville, uniq_urug, uniq_erolcha
D:14:     layout_basic, david_vaults_3, columned_hall_lemuel, uniq_louise
D:15:     hangedman_depths_entry_try_elsewhere_first, layout_irregular_city,
          zin_angel, minmay_statue_crystal_thing
Lair:1:   layout_regular_city, gauntlet_entry_generic, grunt_megastairs_1,
          uniq_grum, uniq_amaemon
Lair:2:   layout_cave_pods, swamp_mist, hellmonk_spider_entry_life_and_decay
Lair:3:   gammafunk_worm_tunnel, layout_gridlike, gammafunk_ghost_cemetery,
          kennysheep_rathole, lemuel_fruit_tree
Lair:4:   layout_loops_ring, minmay_slime_entry_pillars, wad_woods_01
Lair:5:   cheibrodos_lair_end_hotspot, layout_layer_cave, basic_altar
Swamp:1:  layout_basic_swamp, evilmike_swamp_ruin_house_2, worms_lemuel,
          infiniplex_staircase_pool, uniq_donald
Swamp:2:  layout_basic_swamp, nicolae_swamp_oxbows
Swamp:3:  layout_basic_swamp, evilmike_swamp_ruin_wall
Swamp:4:  swamp_basic_johnstein, layout_basic_swamp
Vaults:1: mu_enter_wizlab_3, st_star, hangedman_vaults_nails,
          nicolae_vaults_closet_pinwheel_3, vaults_room_pools,
          grunt_vaults_hallway_long, nicolae_vaults_sesquioval_fish,
          vaults_room_corners, nicolae_vaults_trapezoid_2, vaults_dpeg_hooks,
          nicolae_vaults_storage_room_doors, layout_vaults_big_room
Vaults:2: v_alt_pattern_3, hangedman_vaults_unwind, v_misc_33,
          grunt_vaults_focal, nicolae_vaults_tetromino_Z_2,
          vaults_standard_mumra_lines, grunt_vaults_swirl, v_misc_22,
          nicolae_vaults_halls_meeting, nicolae_vaults_border_crossing,
          nicolae_vaults_sightless_eye, layout_vaults_ring, serial_glass,
          uniq_saint_roka

Skill      XL: |  1  2  3  4  5  6  7  8  9 10 11 12 13 14 15 16 17 18 |
---------------+-------------------------------------------------------+-----
Axes           | 3 4 5 6 7 8 10 13 14 15 16 17 18 | 18.1
Dodging        | 2 3 6 7 8 9 10 | 10.3
Fighting       | 4 5 6 7 8 10 11 13 15 16 18 | 18.8
Armour         | 3 4 5 7 8 10 11 13 14 16 17 | 17.1
Stealth        | 1 4 6 7 |  7.1
Staves         | 1 4 8 |  8.6
Maces & Flails | 3 4 |  4.6
Shields        | 1 6 |  6.7

Action                     |  1- 3 |  4- 6 |  7- 9 | 10-12 | 13-15 | 16-18 || total
---------------------------+-------+-------+-------+-------+-------+-------++-------
  Melee: Hand axe          |    64 |   119 |    48 |   224 |  1137 |  1125 ||  2717
         Whip              |    31 |       |       |       |    68 |       ||    99
         Punch             |     1 |       |       |     1 |    14 |     5 ||    21
         Quarterstaff      |       |     1 |    78 |       |       |       ||    79
         Headbutt          |       |       |    24 |    41 |       |       ||    65
         Bite              |       |       |       |       |   133 |       ||   133
 Invoke: Berserk           |     4 |     4 |     2 |     5 |    10 |    17 ||    42
         Trog's Hand       |     1 |     3 |     2 |     7 |    16 |    16 ||    45
         Brothers in Arms  |       |       |       |     1 |     4 |     4 ||     9
    Use: Scroll            |     4 |     8 |    12 |     5 |     7 |     4 ||    40
         Potion            |       |       |     2 |     2 |     5 |       ||     9
   Stab: Distracted        |       |       |       |       |       |     2 ||     2
         Confused          |       |       |       |       |       |     2 ||     2
 Armour: Animal skin       |    35 |       |       |       |       |       ||    35
         Scale mail        |    14 |    25 |       |       |       |       ||    39
         Chain mail        |       |    47 |    93 |   166 |   270 |       ||   576
         Plate armour      |       |       |       |       |   578 |  1097 ||  1675
  Dodge: Dodged            |    93 |    46 |    68 |   163 |   772 |   775 ||  1917
  Block: Buckler           |       |       |       |       |       |   238 ||   238

Table legend: (Time is in decaauts)
 A = Elapsed time spent in this place.
 B = Non-inter-level travel time spent in this place.
 C = Inter-level travel time spent in this place.
 D = Time resting spent in this place.
 E = Time spent auto-exploring this place.
 F = Levels seen in this place.
 G = Mean time per level.
                   A        B        C        D        E       F      G
               +--------+--------+--------+--------+--------+-----+--------+
         Total |  24550 |  23239 |   1311 |    866 |  16821 |  29 |  846.6 |
       Dungeon |  12675 |  11967 |    708 |      0 |   9017 |  15 |  845.0 |
          Lair |   6082 |   5638 |    444 |    303 |   4156 |   5 | 1216.4 |
         Swamp |   3432 |   3305 |    127 |    415 |   2108 |   4 |  858.0 |
        Vaults |   1756 |   1725 |     31 |    140 |   1322 |   2 |  878.0 |
        Bailey |    314 |    314 |      0 |      0 |    188 |   1 |  314.0 |
        Wizlab |    116 |    116 |      0 |      8 |      5 |   1 |  116.0 |
      Gauntlet |    174 |    174 |      0 |      0 |     23 |   1 |  174.0 |
               +--------+--------+--------+--------+--------+-----+--------+

Top non-repeatable levels by time:
Vaults:1: 1602 daAuts
  Lair:5: 1475 daAuts
    D:10: 1474 daAuts
  Lair:3: 1399 daAuts
 Swamp:4: 1219 daAuts
    D:15: 1172 daAuts
  Lair:1: 1102 daAuts
  Lair:2: 1079 daAuts
  Lair:4: 1025 daAuts
     D:5: 932 daAuts
    D:12: 912 daAuts
     D:3: 894 daAuts
     D:2: 871 daAuts
     D:9: 848 daAuts
    D:14: 797 daAuts
